 Dungeon Crawl Stone Soup version 0.31-a0-1589-g8f5e8aebd6 (webtiles) character file.

Game seed: 13011687897546933971

88 MisterAzrael the Trooper (level 4, -1/61 HPs)
             Began as a Minotaur Fighter on Jan 5, 2024.
             Slain by a goblin
             ... wielding a +0 club
             ... led by Robin
              (4 damage)
             ... on level 2 of the Dungeon.
             The game lasted 00:01:22 (1300 turns).

MisterAzrael the Trooper (Minotaur Fighter)         Turns: 1300, Time: 00:01:22

Health: -1/61      AC: 22    Str: 23    XL:     4   Next: 30%
Magic:  3/3        EV:  2    Int:  5    God:
Gold:   92         SH:  4    Dex:  9    Spells: 3/3 levels left

rFire   . . .        a - +0 long sword
rCold   . . .        c - +0 buckler
rNeg    . . .        b - melded +0 scale mail
rPois   +            (helmet currently unavailable)
rElec   .            (cloak currently unavailable)
rCorr   .            (gloves currently unavailable)
SInv    .            (boots currently unavailable)
Will    .....        (no amulet)
Stlth   +            (no ring)
HPRegen 0.30/turn    (no ring)
MPRegen 0.08/turn

%: no passive effects
@: tree-form (expiring), attractive
A: stationary, stasis, torment immunity, boosted hp, (horns 2), (retaliatory
headbutt)
a: no special abilities


You were on level 2 of the Dungeon.
You were a tree.
You visited 1 branch of the dungeon, and saw 2 of its levels.

You collected 92 gold pieces.

Inventory:

Hand Weapons
 a - a +0 long sword (weapon)
Armour
 b - a +0 scale mail (melded)
 c - a +0 buckler (worn)
Scrolls
 e - 3 scrolls of identify {unknown}
 k - a scroll of fear {unknown}
 l - a scroll of immolation {unknown}
 m - a scroll of amnesia {unknown}
 n - a scroll of vulnerability {unknown}
 o - 2 scrolls of teleportation {unknown}
Potions
 d - a potion of might
 f - a potion of attraction
 h - a potion of cancellation
 i - a potion of enlightenment {unknown}
 j - a potion of lignification
 p - a potion of mutation {unknown}


   Skills:
 * Level 4.8 Fighting
 + Level 3.3 Long Blades
 + Level 4.2 Armour
 + Level 4.2 Shields


You had 3 spell levels left.
You didn't know any spells.
Your spell library was empty.

Dungeon Overview and Level Annotations

Branches:
Dungeon (2/15)

Altars:

Annotations:
D:2 Robin


Innate Abilities, Weirdness & Mutations

You are a tree.
Your roots penetrate the ground, keeping you stationary.
You cannot be teleported.
You are immune to unholy pain and torment.
Your maximum health is greatly increased.
Your equipment is partially melded.
((You have a pair of horns on your head.))
((You reflexively headbutt those who attack you in melee.))


Message History

* * * LOW HITPOINT WARNING * * *
The goblin hits you but does no damage. The goblin hits you with a +0 club.
* * * LOW HITPOINT WARNING * * *
The goblin hits you but does no damage.
You hit Robin but do no damage.
Robin is heavily wounded.
The goblin no longer looks unusually strong.
The goblin hits you but does no damage. You block the goblin's attack.
The hobgoblin hits you but does no damage.
The goblin hits you but does no damage. You block the goblin's attack.
The goblin barely misses you. The goblin hits you but does no damage.
The hobgoblin hits you but does no damage.
The goblin hits you but does no damage. x2; The goblin hits you with a +0 club.
* * * LOW HITPOINT WARNING * * *
Robin roars a battlecry!
The goblin goes into a battle-frenzy!
You barely miss Robin.
Robin is heavily wounded.
Your transformation is almost over.
The goblin hits you but does no damage. You block the goblin's attack.
The goblin hits you but does no damage. The hobgoblin hits you.
* * * LOW HITPOINT WARNING * * *
The goblin hits you but does no damage. x2; Robin hits you but does no damage.
You hit Robin but do no damage.
Robin is heavily wounded.
The hobgoblin no longer looks unusually strong.
You block the goblin's attack. The goblin hits you with a +0 club.
* * * LOW HITPOINT WARNING * * *
The goblin hits you with a +0 club.
* * * LOW HITPOINT WARNING * * *
The hobgoblin hits you but does no damage.
You block the goblin's attack. The goblin hits you but does no damage.
You hit Robin.
Robin is severely wounded.
The goblin hits you but does no damage. You block the goblin's attack.
The goblin hits you with a +0 club.
* * * LOW HITPOINT WARNING * * *
The hobgoblin hits you but does no damage.
The goblin hits you but does no damage. The goblin hits you with a +0 club.
You die...

≈≈≈≈≈
....##.##.##...).....
####≈ . #............###
# #.....#..##### ...
#.......## ≈....
#.##<...# #
#≈.....###.........
####≈≈.......#.##..#....
≈≈≈≈≈..........ggg##....
.............>gg♣g.......
.......##......gg####...
.......#..###..#g#
.........#......Kg..#
.#......................
#♣#.....######.##.......
# #..##.# #.# .....#'
#.###.# #. ...g...
#.###.# # .....K.


You could see Robin, 3 hobgoblins, 6 goblins and a kobold.

Vanquished Creatures
  A hound (D:2)
  2 adders (D:2)
  A dart slug (D:1)
  An endoplasm (D:2)
  6 giant cockroaches
  2 goblins
  4 hobgoblins
  3 quokkas
  2 ball pythons (D:2)
  3 bats
  5 frilled lizards
  5 kobolds
  3 rats
38 creatures vanquished.

Notes
Turn   | Place    | Note
-------+----------+-------------------------------------------
     0 | D:1      | MisterAzrael the Minotaur Fighter began the quest for the
                  | Orb.
     0 | D:1      | Reached XP level 1. HP: 19/19 MP: 0/0
   178 | D:1      | Reached XP level 2. HP: 27/27 MP: 1/1
  1078 | D:2      | Reached XP level 3. HP: 31/34 MP: 2/2
  1229 | D:2      | Reached XP level 4. HP: 33/41 MP: 3/3
  1272 | D:2      | Noticed Robin
  1300 | D:2      | HP: 3/61 [goblin/+0 club[Robin] (2)]
  1300 | D:2      | Slain by a goblin

Illustrated notes

Levels and vault maps discovered:
D:1:      mushboom_english_gardens, layout_basic,
          hangedman_abyss_or_decor_lesser_grid, minmay_hexomino_r4
D:2:      layout_basic, kennysheep_decorative_pillar, uniq_robin

Skill      XL: |  1  2 |
---------------+-------+-----
Fighting       | 4 |  4.8
Long Blades    | 3 |  3.3
Armour         | 4 |  4.2
Shields        | 4 |  4.2

Action                     |  1- 3 |  4- 6 || total
---------------------------+-------+-------++-------
  Melee: Long sword        |    71 |    17 ||    88
         Headbutt          |     6 |     1 ||     7
    Use: Potion            |       |     4 ||     4
 Armour: Scale mail        |    57 |    12 ||    69
         Skin              |       |   105 ||   105
  Dodge: Dodged            |    31 |    12 ||    43
  Block: Buckler           |    23 |    13 ||    36

Table legend: (Time is in decaauts)
 A = Elapsed time spent in this place.
 B = Non-inter-level travel time spent in this place.
 C = Inter-level travel time spent in this place.
 D = Time resting spent in this place.
 E = Time spent auto-exploring this place.
 F = Levels seen in this place.
 G = Mean time per level.
                   A        B        C        D        E       F      G
               +--------+--------+--------+--------+--------+-----+--------+
         Total |   1324 |   1294 |     30 |     19 |   1051 |   2 |  662.0 |
       Dungeon |   1324 |   1294 |     30 |     19 |   1051 |   2 |  662.0 |
               +--------+--------+--------+--------+--------+-----+--------+

Top non-repeatable levels by time:
     D:1: 984 daAuts
     D:2: 340 daAuts
